 Dungeon Crawl Stone Soup version 0.20.0-10-g0535bb4 (webtiles) character file.

72 Soyweiser the Vandal (level 4, -1/29 HPs)
             Began as a Halfling Hunter on June 8, 2017.
             Slain by a gnoll
             ... wielding a +0 halberd
              (6 damage)
             ... on level 3 of the Dungeon.
             The game lasted 00:05:28 (1231 turns).

Soyweiser the Vandal (Halfling Hunter)              Turns: 1231, Time: 00:05:29

Health: -1/29      AC:  3    Str: 14    XL:     4   Next: 48%
Magic:  4/4        EV: 15    Int:  9    God:
Gold:   80         SH:  0    Dex: 14    Spells: 3/3 levels left

rFire    . . .     SeeInvis .   a - +1 hunting sling
rCold    . . .     Gourm    .   (shield restricted)
rNeg     . . .     Faith    .   c - +0 leather armour
rPois    .         Spirit   .   (no helmet)
rElec    .         Reflect  .   (no cloak)
rCorr    .         Harm     .   (no gloves)
MR       .....                  (no boots)
Stlth    ++........             (no amulet)
Regen    0.1/turn               (no ring)
MPRegen  0.1/turn               (no ring)

@: no status effects
A: mutation resistance 1
a: no special abilities


You were on level 3 of the Dungeon.
You were not hungry.

You visited 1 branch of the dungeon, and saw 3 of its levels.

You collected 80 gold pieces.

Inventory:

Hand Weapons
 a - a +1 hunting sling (weapon)
 b - a +0 short sword
 q - a +0 blowgun
Missiles
 d - 30 sling bullets
 e - 36 stones (quivered)
 p - 17 poisoned needles
Armour
 c - a +0 leather armour (worn)
 m - a cursed +0 scale mail
Jewellery
 g - an uncursed amulet of faith {unknown}
 l - an uncursed ring of ice {unknown}
Scrolls
 h - a scroll of identify {unknown}
 i - a scroll of teleportation {unknown}
Potions
 k - 2 potions of curing {unknown}
Comestibles
 f - 2 bread rations
 j - 2 meat rations
 n - a fruit
 o - 2 chunks of flesh


   Skills:
 - Level 1.7 Fighting
 + Level 6.7 Slings
 + Level 3.2 Dodging
 + Level 2.9 Stealth


You had 3 spell levels left.
You didn't know any spells.

Dungeon Overview and Level Annotations

Branches:
Dungeon (3/15)

Altars:


Innate Abilities, Weirdness & Mutations

You are small and have problems with some larger weapons.
You are somewhat resistant to further mutation.


Message History

Firing (i - inventory. (,) - cycle):
e - 40 stones (quivered)
Press: ? - help, Shift-Dir - straight line, f/p - gnoll
Aim: a gnoll, wielding a halberd (lightly wounded)
You shoot a stone. The stone hits the gnoll.
The gnoll is moderately wounded.
Firing (i - inventory. (,) - cycle):
e - 39 stones (quivered)
Press: ? - help, Shift-Dir - straight line, f/p - gnoll
Aim: a gnoll, wielding a halberd (moderately wounded)
You shoot a stone. The stone barely misses the gnoll.
The gnoll misses you.
Firing (i - inventory. (,) - cycle):
e - 38 stones (quivered)
Press: ? - help, Shift-Dir - straight line, f/p - gnoll
Aim: a gnoll, wielding a halberd (moderately wounded)
You shoot a stone. The stone closely misses the gnoll.
Firing (i - inventory. (,) - cycle):
e - 37 stones (quivered)
Press: ? - help, Shift-Dir - straight line, f/p - gnoll
Aim: a gnoll, wielding a halberd (moderately wounded)
You shoot a stone. The stone hits the gnoll.
The gnoll is moderately wounded.
The gnoll hits you from afar with a halberd.
You die...

#........# #(?###
###...(.(.+##+(...#
.......###...(.?# .#
.........g.#(.#.##.#
..##.....#...(.<...##≈.
. ##.>#.#..#.).......≈
##.#....###g###.#.≈
#.#..#.###†# ..
..........@# .
####.###...# r........
#......... #.###.#.###
. #.#.# #.#.# ..#(.


You could see a gnoll.

Vanquished Creatures
  2 adders
  A gnoll (D:3)
  2 leopard geckos
  A ball python (D:1)
  A giant cockroach (D:1)
  3 goblins
  6 hobgoblins
  7 jackals
  3 bats
  3 frilled lizards
  5 kobolds
  8 rats
42 creatures vanquished.

Notes
Turn   | Place    | Note
-------+----------+-------------------------------------------
     0 | D:1      | Soyweiser the Halfling Hunter began the quest for the Orb.
     0 | D:1      | Reached XP level 1. HP: 14/14 MP: 1/1
    25 | D:1      | Reached skill level 6 in Slings
    67 | D:1      | Reached XP level 2. HP: 19/19 MP: 2/2
   228 | D:1      | Reached XP level 3. HP: 24/24 MP: 3/3
  1155 | D:3      | Reached XP level 4. HP: 29/29 MP: 4/4
  1231 | D:3      | Slain by a gnoll

Skill      XL: |  1  2  3  4 |
---------------+-------------+-----
Slings         | 6 |  6.7
Stealth        | 2 |  2.9
Dodging        | 3 |  3.2
Fighting       | |  1.7

Action                   |  1- 3 |  4- 6 || total
-------------------------+-------+-------++-------
 Fire: Hunting sling     |    90 |    38 ||   128
  Eat: Chunk             |     1 |       ||     1
Armor: Leather armour    |     2 |     9 ||    11
Dodge: Dodged            |    17 |    13 ||    30
